 Dungeon Crawl Stone Soup version 0.31.0-32-g396128a36d (webtiles) character file.

Game seed: 3232059184904008260

12861 reptisaurus the Thaumaturge (level 11, -4/99 HPs)
             Began as a Red Draconian Earth Elementalist on Mar 15, 2024.
             Was a Believer of Kikubaaqudgha.
             Slain by Jorgrun
             ... wielding a staff of earth
              (7 damage)
             ... while petrified by Jorgrun
             ... on level 2 of the Orcish Mines on Mar 23, 2024.
             The game lasted 01:06:10 (28206 turns).

reptisaurus the Thaumaturge (DrEE)                 Turns: 28206, Time: 01:06:11

Health: -4/99      AC: 13    Str: 12    XL:     11   Next: 68%
Magic:  25/25      EV:  2    Int: 19    God:    Kikubaaqudgha [**....]
Gold:   246        SH:  0    Dex: 11    Spells: 7/30 levels left

rFire   + . .        I - +4 flail (protect)
rCold   . . .        (no shield)
rNeg    + + +        (body armour unavailable)
rPois   ∞            (helmet restricted)
rElec   .            m - +1 cloak
rCorr   .            (no gloves)
SInv    .            (no boots)
Will    .....        (no amulet)
Stlth   ++           k - +4 ring of protection
HPRegen 0.36/turn    C - +5 ring of evasion
MPRegen 0.19/turn

%: no passive effects
@: petrified
A: breathe fire, AC +7, unfitting armour, fire resistance 1, cold-blooded
a: Breathe Fire, Renounce Religion, Unearth Wretches


You were on level 2 of the Orcish Mines.
You worshipped Kikubaaqudgha.
Kikubaaqudgha was pleased with you.
You visited 4 branches of the dungeon, and saw 16 of its levels.
You also visited: Bailey.

You collected 752 gold pieces.
You spent 506 gold pieces at shops.

Inventory:

Hand Weapons
 I - a +4 flail of protection (weapon)
Missiles
 j - 76 stones
 A - 2 throwing nets (quivered)
Armour
 c - an orb of wrath
 m - a +1 cloak (worn)
Jewellery
 b - a +6 ring of strength
 k - a +4 ring of protection (left hand)
 t - a ring of protection from cold
 C - a +5 ring of evasion (right hand)
Wands
 s - a wand of roots (6)
 v - a wand of polymorph (11)
 H - a wand of quicksilver (3)
Scrolls
 d - 3 scrolls of blinking
 e - 5 scrolls of immolation
 h - 2 scrolls of revelation
 i - a scroll of enchant weapon
 n - 2 scrolls of poison
 p - 5 scrolls of teleportation
 r - a scroll of fog
 u - 4 scrolls of amnesia
 y - a scroll of summoning
 z - a scroll of brand weapon {unknown}
 B - a scroll of noise {unknown}
 D - a scroll of vulnerability {unknown}
 E - a scroll of fear
Potions
 a - a potion of magic
 f - 4 potions of curing
 g - 3 potions of might
 l - 3 potions of haste
 o - 3 potions of heal wounds
 q - a potion of cancellation
 w - a potion of brilliance
 x - a potion of lignification
 F - a potion of ambrosia
 G - a potion of attraction
 J - a potion of enlightenment {unknown}


   Skills:
 + Level 9.9 Fighting
 - Level 0.1 Throwing
 + Level 7.3 Dodging
 - Level 2.1 Stealth
 - Level 10.0 Spellcasting
 - Level 4.7 Conjurations
 + Level 5.1 Necromancy
 - Level 8.0 Earth Magic
 - Level 3.0 Alchemy
 - Level 0.2 Invocations
 - Level 4.0 Evocations


You had 7 spell levels left.
You knew the following spells:

 Your Spells              Type           Power      Damage    Failure   Level
a - Frozen Ramparts       Ice            18%        1d3       22%         3
b - Stone Arrow           Conj/Erth      66%        3d11      1%          3
c - Passwall              Erth           39%        N/A       1%          3
d - Brom's Barrelling Bo  Conj/Erth      33%        2d5       5%          4
e - Petrify               Alch/Erth      30%        N/A       8%          4
f - Cigotuvi's Dreadful   Necr/Alch/Air  38%        N/A       3%          2
g - Dispel Undead         Necr           29%        3d13      9%          4

Your spell library contained the following spells:

 Spells                   Type           Power      Damage    Failure   Level
 Kiss of Death            Conj/Necr      100%       2d13      1%          1
 Magic Dart               Conj           100%       1d8       1%          1
 Necrotise                Necr           100%       1d9       1%          1
 Sandblast                Erth           78%        2d17      1%          1
 Searing Ray              Conj           54%        2d6       1%          2
 Fugue of the Fallen      Necr           29%        N/A       2%          3
 Leda's Liquefaction      Alch/Erth      15%        N/A       8%          4
 Ensorcelled Hibernation  Hex/Ice        18%        N/A       11%         2
 Fulminant Prism          Conj/Alch      12%        3d8       16%         4
 Confusing Touch          Hex            9%         N/A       22%         3
 Swiftness                Air            9%         N/A       22%         3
 Tukima's Dance           Hex            9%         N/A       22%         3
 Passage of Golubria      Tloc           9%         N/A       58%         4
 Yara's Violent Unravell  Hex/Alch       7%         3d5       73%         5
 Metabolic Englaciation   Hex/Ice        4%         N/A       90%         5


Dungeon Overview and Level Annotations

Branches:
Dungeon (12/15)            Temple (1/1) D:6            Lair (1/5) D:11
    Orc (2/2) D:12            Elf (0/3) Orc:2        Bailey (visited)

Altars:
Ashenzari
Cheibriados
Dithmenos
Elyvilon
Fedhas
Gozag
Hepliaklqana
Kikubaaqudgha
Makhleb
Nemelex Xobeh
Okawaru
Qazlal
Ru
Sif Muna
Trog
Uskayaw
Vehumet
Wu Jian
Xom
Yredelemnul
Zin
The Shining One

Shops:
D:3 **(*=   D:5 (   D:7 (   D:9 (

Annotations:
D:2 Natasha
D:9 2 transporters
Orc:2 Jorgrun


Innate Abilities, Weirdness & Mutations

You can breathe blasts of fire.
Your fiery red scales are hard. (AC +7)
You cannot fit into any form of body armour.
Your flesh is heat resistant. (rF+)
You are cold-blooded and may be slowed by cold attacks.


Message History

The troll barely misses you. The warg bites you but does no damage.
The orc hits you with a +0 falchion. The troll barely misses you.
The troll claws you. The troll barely misses you.
You have turned to stone.
You stop ascending the stairs.
The warg bites you but does no damage. The warg completely misses you.
The orc hits you but does no damage.
An orc warrior comes into view.
It is wielding a +0 glaive and wearing a +2 plate armour of poison resistance.
The troll bites you.
The troll claws you but does no damage. x2
The warg bites you. The orc hits you but does no damage.
The troll barely misses you. The troll claws you!
The troll claws you but does no damage. Jorgrun hits you with a staff of earth!
The ground beneath you fractures!
An orc comes into view. It is wielding a +1 dagger of venom.
The warg bites you! The warg bites you but does no damage.
The orc hits you but does no damage. The troll bites you but does no damage.
The troll claws you but does no damage. x2
Jorgrun hits you with a staff of earth. The ground beneath you fractures!!
* * * LOW HITPOINT WARNING * * *
The warg bites you.
* * * LOW HITPOINT WARNING * * *
The orc hits you with a +0 falchion.
* * * LOW HITPOINT WARNING * * *
The troll bites you.
* * * LOW HITPOINT WARNING * * *
The troll claws you but does no damage. x2
Jorgrun says, "A few more walls knocked out 'ere an' thar an' 'tis whole place will come crashin' down."
Jorgrun hits you but does no damage. The ground beneath you fractures!!
* * * LOW HITPOINT WARNING * * *
The warg bites you!
* * * LOW HITPOINT WARNING * * *
The warg bites you.
* * * LOW HITPOINT WARNING * * *
The orc hits you but does no damage. The troll barely misses you.
The troll claws you!
* * * LOW HITPOINT WARNING * * *
The troll claws you but does no damage. Jorgrun hits you with a staff of earth.
* * * LOW HITPOINT WARNING * * *
The ground beneath you fractures!
You die...
Kikubaaqudgha rasps: "You have failed me!
Welcome... oblivion!"

..... . .....
....#. ...... .
....##.$....
..###.>.#....#.#
.........#....##
...............#
.......T.h......
.....o.g@.......
.....#$.o.......
............#...
.......$........
.........#.....#
#.........#.....
##........ #..$#
#.....#.## ....


You could see Jorgrun, a troll, a warg, an orc warrior and an orc.

Vanquished Creatures
  A catoblepas (D:10)
  A manticore (D:12)
  An ugly thing (D:11)
  2 gargoyles (D:11)
  A kobold demonologist (D:11)
  3 trolls
  A hornet (D:9)
  A shadow (D:10)
  26 yaks
  2 wyverns
  A basilisk (D:11)
  A vampire (D:11)
  Eustachio (D:6)
  Menkaure (D:4)
  A steam dragon (D:8)
  2 acid dragons (D:11)
  2 water moccasins
  A black bear (D:5)
  5 orc warriors
  A sky beast (D:7)
  2 ogres
  A phantom (D:6)
  6 centaurs
  3 kobold brigands
  Blork the orc (D:5)
  2 scorpions
  6 bullfrogs
  11 wights
  9 killer bees
  9 howler monkeys
  An electric eel (D:7)
  Crazy Yiuf (D:2)
  2 orc priests
  4 hounds
  4 jellies
  3 iguanas
  2 gnoll boudas
  A sleepcap (D:6)
  Ijyb (D:5)
  Natasha (twice) (D:2)
  8 orc wizards
  10 gnolls
  5 adders
  A shadow imp (D:8)
  3 white imps
  2 dart slugs
  36 orcs
  10 ball pythons
  5 endoplasms
  4 giant cockroaches
  8 goblins
  5 hobgoblins
  6 quokkas
  5 bats
  2 frilled lizards (D:2)
  19 kobolds
  5 rats
260 creatures vanquished.

Vanquished Creatures (collateral kills)
  An electric eel (D:7)
  12 boulders
13 creatures vanquished.

Vanquished Creatures (others)
  20 boulders
20 creatures vanquished.

Grand Total: 293 creatures vanquished

Notes
Turn   | Place    | Note
-------+----------+-------------------------------------------
     0 | D:1      | reptisaurus the Draconian Earth Elementalist began the
                  | quest for the Orb.
     0 | D:1      | Reached XP level 1. HP: 14/14 MP: 3/3
   472 | D:1      | Found a faded altar of an unknown god.
   509 | D:1      | Reached XP level 2. HP: 22/22 MP: 3/5
  1494 | D:1      | Reached skill level 1 in Fighting
  1893 | D:2      | Noticed Natasha
  1907 | D:2      | Killed Natasha
  1908 | D:2      | Reached XP level 3. HP: 17/30 MP: 2/6
  1912 | D:2      | Learned a level 3 spell: Stone Arrow
  2550 | D:2      | Noticed Natasha
  2854 | D:2      | Found a runed translucent door.
  2855 | D:2      | Noticed Crazy Yiuf
  3472 | D:2      | Killed Natasha
  3473 | D:2      | Reached XP level 4. HP: 31/38 MP: 1/7
  3493 | D:2      | Learned a level 3 spell: Passwall
  3663 | D:2      | Noticed Natasha
  3894 | D:3      | Found Ziel's Jewellery Shop.
  3952 | D:3      | Found Wiwergha's Weapon Boutique.
  4208 | D:3      | Found Lahidgh's General Store.
  4674 | D:2      | Killed Crazy Yiuf
  4675 | D:2      | Reached skill level 3 in Spellcasting
  5037 | D:3      | Found Litowoxe's Assorted Antiques.
  5537 | D:3      | Found Iweynescho's Assorted Antiques.
  5589 | D:3      | Reached XP level 5. HP: 42/45 MP: 1/9
  6052 | D:3      | Bought 2 scrolls of identify for 40 gold pieces
  6055 | D:3      | Reached skill level 5 in Spellcasting
  6055 | D:3      | Reached skill level 5 in Earth Magic
  6055 | D:3      | Reached XP level 6. HP: 62/62 MP: 10/14
  6154 | D:3      | Learned a level 4 spell: Brom's Barrelling Boulder
  7114 | D:4      | Learned a level 4 spell: Petrify
  7491 | D:4      | Found a stormy altar of Qazlal.
  7671 | D:4      | Reached skill level 6 in Spellcasting
  8198 | D:4      | Noticed Menkaure
  8203 | D:4      | Killed Menkaure
  8204 | D:4      | Your scales start taking on a fiery red colour.
  8204 | D:4      | Reached XP level 7. HP: 65/69 MP: 3/16
  8204 | D:4      | Gained mutation: Your flesh is heat resistant. (rF+) [Red
                  | Draconian growth]
  8562 | D:5      | Entered Level 5 of the Dungeon
  8680 | D:5      | Found Gasus's Weapon Shoppe.
  9176 | D:5      | Reached skill level 1 in Alchemy
  9860 | D:5      | Noticed Blork the orc
  9911 | D:5      | Killed Blork the orc
 10228 | D:5      | Noticed Ijyb
 10232 | D:5      | Killed Ijyb
 11134 | D:6      | Reached XP level 8. HP: 75/75 MP: 10/17
 11480 | D:6      | Found a staircase to the Ecumenical Temple.
 11853 | D:6      | Noticed Eustachio
 11977 | D:6      | Killed Eustachio
 12354 | D:6      | Reached skill level 7 in Spellcasting
 12897 | Temple   | Entered the Ecumenical Temple
 13431 | D:7      | Reached XP level 9. HP: 72/82 MP: 12/19
 13437 | D:7      | Found a flagged portal.
 13443 | Bailey   | Entered a bailey
 13803 | Temple   | Became a worshipper of Kikubaaqudgha
 13906 | D:7      | Found Biseumim's Antique Weapon Emporium.
 14886 | D:7      | Learned a level 3 spell: Frozen Ramparts
 15339 | D:8      | Reached skill level 8 in Spellcasting
 15364 | D:8      | Reached * piety under Kikubaaqudgha
 15364 | D:8      | Received a gift from Kikubaaqudgha
 15376 | D:8      | Learned a level 2 spell: Cigotuvi's Dreadful Rot
 15974 | D:8      | Reached skill level 1 in Necromancy
 16230 | D:8      | Reached XP level 10. HP: 56/87 MP: 22/22
 16545 | D:3      | Bought a +5 ring of evasion for 360 gold pieces
 16954 | D:8      | Reached skill level 9 in Spellcasting
 17733 | D:9      | Found Geklobre's Antique Weapon Shop.
 17847 | D:9      | Found a transporter.
 17849 | D:9      | Found a transporter.
 17867 | D:9      | Noticed a boulder beetle
 18246 | D:3      | Bought a scroll of identify for 40 gold pieces
 18286 | D:3      | Bought a scroll of identify for 46 gold pieces
 18286 | D:3      | Bought a golden potion for 20 gold pieces
 19163 | D:9      | Reached ** piety under Kikubaaqudgha
 19215 | D:9      | Reached skill level 10 in Spellcasting
 19215 | D:9      | Reached skill level 1 in Evocations
 20098 | D:9      | Found a shimmering blue altar of Sif Muna.
 20289 | D:10     | Entered Level 10 of the Dungeon
 20573 | D:10     | Reached skill level 5 in Dodging
 20607 | D:10     | Learned a level 4 spell: Dispel Undead
 20845 | D:10     | Reached XP level 11. HP: 69/89 MP: 25/25
 20961 | D:10     | Noticed Maurice
 21172 | D:10     | Maurice changed into Maurice the rat
 21172 | D:10     | Noticed Maurice
 21175 | D:10     | Killed Maurice the rat
 21379 | D:10     | Noticed a catoblepas
 21410 | D:10     | Killed a catoblepas
 22454 | D:11     | Noticed a red ugly thing
 22487 | D:11     | Killed a red ugly thing
 22807 | D:11     | Found a staircase to the Lair.
 22868 | D:11     | Noticed a boulder beetle
 24885 | D:11     | Identified the +8 dagger "Uximn" {venom, +Blink Fly Str+3
                  | Int-5}
 26146 | D:10     | Reached skill level 5 in Necromancy
 26320 | Lair:1   | Entered Level 1 of the Lair of Beasts
 26350 | Lair:1   | Noticed a death yak
 26350 | Lair:1   | Noticed a death yak
 26350 | Lair:1   | Noticed a death yak
 26350 | Lair:1   | Noticed a death yak
 26350 | Lair:1   | Noticed a death yak
 26353 | Lair:1   | Noticed a death yak
 27338 | D:12     | Noticed a deep elf pyromancer
 27646 | D:12     | Found a staircase to the Orcish Mines.
 27658 | Orc:1    | Entered Level 1 of the Orcish Mines
 27709 | Orc:2    | Entered Level 2 of the Orcish Mines
 27709 | Orc:2    | Noticed Jorgrun
 27709 | Orc:2    | Found a staircase to the Elven Halls.
 28206 | Orc:2    | HP: 3/99 [Jorgrun/staff of earth (2)]
 28206 | Orc:2    | Slain by Jorgrun

Illustrated notes

Levels and vault maps discovered:
D:1:      roadster_arrival_rocket_large, layout_basic,
          hellmonk_ecumenical_altar_arch_garden
D:2:      layout_loops_ring, chequers_serial_rivers_large_b, minivault_19,
          minmay_statues_item, uniq_natasha, uniq_crazy_yiuf_cottage
D:3:      layout_basic, serial_shops, nicolae_shop_tiny_glass,
          nicolae_shop_waterfront, nicolae_shop_advertising_works
          [nicolae_subvault_shop_adworks], shop, shop
D:4:      layout_gridville, lemuel_doored_altar, minmay_hedge_maze,
          minmay_fractal_squares_5, uniq_menkaure
D:5:      layout_gridville, serial_shops, shop, uniq_blork_the_orc, uniq_ijyb
D:6:      layout_loops_ring, temple_pool_b, uniq_eustachio
D:7:      layout_gridville, serial_shops, nicolae_diamond_shop, enter_bailey_3,
          minivault_14, hangedman_abyss_or_decor_passed, amethyst_killhole
D:8:      layout_loops_ring
D:9:      gammafunk_boulding_lane, layout_small_grid, tgw_sif, serial_shops,
          nicolae_shop_rolling_square, nicolae_letterblocks
          [nicolae_letter_subblock, nicolae_letter_subblock,
          nicolae_letter_subblock, nicolae_letter_subblock,
          nicolae_letter_subblock, nicolae_letter_subblock,
          nicolae_letter_subblock, nicolae_letter_subblock,
          nicolae_letter_subblock, nicolae_letter_subblock,
          nicolae_letter_subblock, nicolae_letter_subblock,
          nicolae_letter_subblock, nicolae_letter_subblock,
          nicolae_letter_subblock, nicolae_letter_subblock,
          nicolae_letter_subblock, nicolae_letter_subblock,
          nicolae_letter_subblock, nicolae_letter_subblock,
          nicolae_letter_subblock, nicolae_letter_subblock,
          nicolae_letter_subblock, nicolae_letter_subblock,
          nicolae_letter_subblock]
D:10:     layout_stronghold, uniq_maurice
D:11:     layout_long_grid, minmay_lair_entry_grove
D:12:     layout_irregular_city, david_orc_3, enter_trove_6
Temple:   nicolae_temple_slightly_damp_pantheon
Lair:1:   layout_roguey, grunt_megastairs_5, lemuel_fruit_tree, uniq_maggie,
          uniq_harold, uniq_amaemon
Orc:1:    nicolae_orc_accident_2, layout_caves, basic_altar
Orc:2:    pf_orc_diabolical, layout_caves, uniq_jorgrun

Skill      XL: |  1  2  3  4  5  6  7  8  9 10 11 |
---------------+----------------------------------+-----
Stealth        | 2 |  2.1
Fighting       | 2 3 8 9 |  9.9
Spellcasting   | 3 5 6 7 8 10 | 10.0
Dodging        | 4 5 7 |  7.3
Conjurations   | 4 |  4.7
Earth Magic    | 5 6 7 8 |  8.0
Alchemy        | 1 2 3 |  3.0
Necromancy     | 1 3 5 |  5.1
Evocations     | 4 |  4.0
Throwing       | |  0.1
Invocations    | |  0.2

Action                     |  1- 3 |  4- 6 |  7- 9 | 10-12 || total
---------------------------+-------+-------+-------+-------++-------
  Melee: Mace              |     4 |       |       |       ||     4
         Tailslap          |     1 |       |    30 |    75 ||   106
         Unarmed           |       |     1 |       |       ||     1
         Quarterstaff      |       |     2 |    20 |       ||    22
         Short sword       |       |       |   172 |   353 ||   525
         Punch             |       |       |     4 |     8 ||    12
         Flail             |       |       |       |    70 ||    70
  Throw: Throwing net      |       |       |       |     1 ||     1
   Cast: Sandblast         |    41 |    46 |     6 |       ||    93
         Stone Arrow       |       |    16 |    68 |    13 ||    97
         Brom's Barrelling |       |     1 |    20 |    27 ||    48
         Petrify           |       |       |     4 |    20 ||    24
         Cigotuvi's Dreadf |       |       |     1 |    10 ||    11
         Dispel Undead     |       |       |       |     8 ||     8
         Frozen Ramparts   |       |       |       |     8 ||     8
Ability: Breathe Fire      |       |       |    14 |    36 ||    50
  Evoke: Wand              |       |       |     1 |     5 ||     6
    Use: Scroll            |     2 |     5 |     7 |    10 ||    24
         Potion            |       |     3 |       |     1 ||     4
   Stab: Petrified         |       |       |    14 |    27 ||    41
         Petrifying        |       |       |       |     1 ||     1
         Sleeping          |       |       |       |     1 ||     1
 Armour: Skin              |    15 |    65 |   249 |   353 ||   682
  Dodge: Dodged            |    16 |    65 |   266 |   552 ||   899
